 Dungeon Sprint DCSS version 0.27-a0-1434-g6f15984924 (webtiles) character file.

Game seed: 11571062658121772975

32 mhtbhm the Skirmisher (level 3, -7/54 HPs)
             Began as a Minotaur Fighter on July 3, 2021.
             Killed from afar by a gargoyle (21 damage)
             ... with a stone arrow
             ... in the Dungeon (Sprint VII: "The Pits").
             The game lasted 00:00:05 (19 turns).

mhtbhm the Skirmisher (Minotaur Fighter)              Turns: 19, Time: 00:00:06

Health: -7/54      AC:  7    Str: 21    XL:     3   Next: 8%
Magic:  2/2        EV:  7    Int:  5    God:
Gold:   0          SH: 10    Dex:  9    Spells: 2/2 levels left

rFire    . . .     SeeInvis .   a - +0 war axe
rCold    . . .     Faith    .   c - +0 kite shield
rNeg     . . .     Spirit   .   b - +0 scale mail
rPois    .         Reflect  .   (helmet restricted)
rElec    .         Harm     .   (no cloak)
rCorr    .         Rampage  .   (no gloves)
Will     .....     NoTele   +   (no boots)
Stlth    ..........             (no amulet)
HPRegen  0.18/turn              (no ring)
MPRegen  0.08/turn              (no ring)

@: berserking (expiring), very quick
A: horns 2, retaliatory headbutt
a: no special abilities


You were in the Dungeon.
You visited 1 branch

Inventory:

Hand Weapons
 a - a +0 war axe (weapon)
Armour
 b - a +0 scale mail (worn)
 c - a +0 kite shield (worn)
Scrolls
 j - a scroll of blinking
Potions
 d - a potion of might
 e - a potion of curing
 f - a potion of heal wounds
 g - a potion of haste
 h - 2 potions of magic


   Skills:
 + Level 5.4 Fighting
 + Level 3.3 Axes
 + Level 5.4 Armour
 + Level 5.3 Shields


You had 2 spell levels left.
You didn't know any spells.
Your spell library was empty.

Dungeon Overview and Level Annotations

Branches:
Dungeon (1/1)

Altars:


Innate Abilities, Weirdness & Mutations

You have a pair of horns on your head.
You reflexively headbutt those who attack you in melee.


Message History

You slash the orc priest! You headbutt the orc priest.
You kill the orc priest!
You closely miss the orc warrior. You block the orc warrior's attack.
The orc barely misses you.
Your Fighting skill gained 2 levels and is now at level 5!
Your Axes skill increases to level 3!
Your Armour skill gained 2 levels and is now at level 5!
Your Shields skill gained 2 levels and is now at level 5!
You have reached level 2!
You have reached level 3!
Your experience leads to an increase in your attributes!
Increase (S)trength, (I)ntelligence, or (D)exterity?
You feel stronger.
Unknown command.
You closely miss the orc. You hit the orc warrior.
The orc warrior hits you with a +0 trident!
You block the orc's attack.
You slash the orc!
You kill the orc!
You hit the orc warrior.
The orc warrior hits you with a +0 trident!
Unknown command.
You hit the gargoyle but do no damage. You headbutt the gargoyle.
The gargoyle is lightly damaged.
You hit the orc warrior. You block the orc warrior's attack.
You block the gargoyle's attack.
The orc warrior hits you with a +0 trident!
* * * LOW HITPOINT WARNING * * *
Unknown command.
You closely miss the gargoyle.
The gargoyle is lightly damaged.
You barely miss the orc warrior. You block the gargoyle's attack.
The orc warrior barely misses you.
Unknown command.
You hit the gargoyle. Your headbutt misses the gargoyle.
The gargoyle is moderately damaged.
You slash the orc warrior!
The gargoyle hurls a stone arrow at you.
The stone arrow hits you!!
You die...

##########++######
#................#
#......#..#......#
#................+
+................+
#......#..#......#
#................#
####'#####@)######
#.......##9o#
#.......##....
#.......##....#
#...<...##...##
#.......##..##
#.......##..#
#.......##..#
#########


You could see an orc warrior and a gargoyle.

Vanquished Creatures
  An orc priest (D)
  An orc (D)
2 creatures vanquished.

Notes
Turn   | Place    | Note
-------+----------+-------------------------------------------
     0 | D        | mhtbhm the Minotaur Fighter began the quest for the Orb.
     0 | D        | Reached XP level 1. HP: 19/19 MP: 0/0
    11 | D        | Noticed an orc warrior
    11 | D        | Noticed an orc priest
    11 | D        | Noticed a gargoyle
    14 | D        | Killed an orc priest
    15 | D        | Reached skill level 5 in Fighting
    15 | D        | Reached skill level 5 in Armour
    15 | D        | Reached skill level 5 in Shields
    15 | D        | Reached XP level 2. HP: 29/29 MP: 1/1
    15 | D        | Reached XP level 3. HP: 36/36 MP: 2/2
    19 | D        | Killed from afar by a gargoyle

Illustrated notes

Levels and vault maps discovered:
D:        pitsprint [storerooms_1, entrance_room_1, metal_vault_6, armoury_1,
          mini_pit_1, grid_room_1, main_hall_1, silver_pit, the_coven_3,
          the_vestibule_1, steel_vault_2, golden_pit, hallway_of_sentries,
          crystal_vault_4, iron_vault_4, final_vault]

Skill      XL: |  1 |
---------------+----+-----
Fighting       | 5 |  5.4
Axes           | 3 |  3.3
Armour         | 5 |  5.4
Shields        | 5 |  5.3

Action                   || total
-------------------------++-------
Melee: War axe           ||     6
       Headbutt          ||     2
  Use: Potion            ||     1
Dodge: Dodged            ||     2
Block: Kite shield       ||     5

Table legend: (Time is in decaauts)
 A = Elapsed time spent in this place.
 B = Non-inter-level travel time spent in this place.
 C = Inter-level travel time spent in this place.
 D = Time resting spent in this place.
 E = Time spent auto-exploring this place.
 F = Levels seen in this place.
 G = Mean time per level.
                   A        B        C        D        E       F      G
               +--------+--------+--------+--------+--------+-----+--------+
         Total |     19 |     19 |      0 |      0 |     11 |   1 |   19.0 |
       Dungeon |     19 |     19 |      0 |      0 |     11 |   1 |   19.0 |
               +--------+--------+--------+--------+--------+-----+--------+

Top non-repeatable levels by time:
       D: 19 daAuts
